 Dungeon Crawl Stone Soup version 0.22-a0-367-gb72a975 (webtiles) character file.

2399 Firecrotchwizard the Grappler (level 9, -1/79 HPs)
             Began as a Minotaur Monk on Apr 22, 2018.
             Was a Follower of Ru.
             Killed from afar by Dowan (3 damage)
             ... with a puff of flame
             ... on level 7 of the Dungeon.
             The game lasted 00:14:14 (7854 turns).

Firecrotchwizard the Grappler (Minotaur Monk)       Turns: 7854, Time: 00:14:15

Health: -1/79      AC: 12    Str: 18    XL:     9   Next: 23%
Magic:  8/8        EV: 25    Int:  7    God:    Ru [*.....]
Gold:   311        SH:  0    Dex: 14    Spells: 8/8 levels left

rFire    . . .     SeeInvis .     - Unarmed
rCold    . . .     Gourm    .   (no shield)
rNeg     . . .     Faith    .   L - +0 chain mail
rPois    .         Spirit   .   (helmet restricted)
rElec    .         Reflect  .   n - +0 cloak
rCorr    +         Harm     .   (no gloves)
MR       .....                  g - +0 pair of boots
Stlth    ..........             k - amulet of the acrobat
HPRegen  0.23/turn              u - ring of flight {+Fly, !d}
MPRegen  0.11/turn              v - ring of resist corrosion

@: no status effects
A: retaliatory headbutt, horns 2, no ice magic, no necromancy magic, no
translocations magic
a: Renounce Religion, Evoke Flight


You were on level 7 of the Dungeon.
You worshipped Ru.
Ru was aware of your devotion.
You were not hungry.

You visited 2 branches of the dungeon, and saw 8 of its levels.
You also visited: Ossuary.

You collected 311 gold pieces.

Inventory:

Armour
 g - a +0 pair of boots (worn)
   (You found it on level 1 of the Dungeon)
 n - a +0 cloak (worn)
   (You found it on level 2 of the Dungeon)
 F - a +0 plate armour
   (You found it in an ossuary)
 L - a +0 chain mail (worn)
   (You took it off an orc priest on level 6 of the Dungeon)
Jewellery
 k - an amulet of the acrobat (around neck)
   (You found it on level 1 of the Dungeon)
 u - a ring of flight (left hand) {+Fly, !d}
   (You found it on level 3 of the Dungeon)
 v - a ring of resist corrosion (right hand)
   (You found it on level 3 of the Dungeon)
 O - an uncursed amulet of guardian spirit {Spirit}
   (You found it on level 7 of the Dungeon)
Scrolls
 c - a scroll of teleportation {unknown}
 f - a scroll of amnesia {unknown}
 h - a scroll of remove curse {unknown}
 i - a scroll of enchant weapon {unknown}
 m - 2 scrolls of enchant armour {unknown}
 o - 2 scrolls of fog
 r - a scroll of random uselessness {unknown}
 w - 3 scrolls of blinking {unknown}
 B - 3 scrolls of identify
 N - a scroll of fear {unknown}
Potions
 d - a potion of agility {unknown}
 e - 6 potions of curing
 q - a potion of cancellation {unknown}
 s - a potion of degeneration {unknown}
 t - a potion of resistance {unknown}
 x - 2 potions of might
 z - 3 potions of haste
 C - 2 potions of magic
 D - a potion of ambrosia {unknown}
 E - 2 potions of lignification {!q}
 G - a potion of flight {unknown}
 H - a potion of brilliance {unknown}
Comestibles
 b - 9 rations {@e1}


   Skills:
 + Level 7.6 Fighting
 + Level 6.4 Armour
 + Level 6.8 Dodging
 - Level 1.5 Stealth
 * Level 9.3 Unarmed Combat


You had 8 spell levels left.
You didn't know any spells.

Dungeon Overview and Level Annotations

Branches:
Dungeon (7/15)             Temple (1/1) D:5

Altars:
Dithmenos
Elyvilon
Fedhas
Gozag
Hepliaklqana
Kikubaaqudgha
Nemelex Xobeh
Qazlal
Ru
Sif Muna
Uskayaw
Vehumet
Wu Jian
Yredelemnul
Zin
The Shining One

Shops:
D:6 }

Annotations:
D:3 exclusion: worm, Firecrotchwizard's ghost, amateur MfGl; Sigmund
D:7 Dowan


Innate Abilities, Weirdness & Mutations

You reflexively headbutt those who attack you in melee.
You have a pair of horns on your head.
You cannot study or cast Ice magic.
You cannot study or cast Necromancy magic.
You cannot study or cast Translocations magic.


Message History

Things that are here:
a mace; a plate armour; an orc skeleton You feel sick.
Things that are here:
a dagger; a robe There isn't anything to butcher here.
You feel sick.
You take 1 damage, and have 36/79 hp.
You start resting.
You feel sick. x3
You are no longer poisoned.
You start resting.
Some of the chunks of flesh in your inventory have rotted away.
Eating one of 4 chunks of flesh {@w0}.
You eat one of the 4 chunks of flesh {@w0}.
Health restored: 79 You start removing your armour.
You continue taking off your +0 scale mail. x4
You finish taking off your +0 scale mail.
You start putting on your armour.
You continue putting on your chain mail. x4
All of the chunks of flesh in your inventory have rotted away.
You continue putting on your chain mail.
You finish putting on your +0 chain mail.
K - a flail of venom You see here a ring mail.
Things that are here:
a mace; a ring mail
Found a basalt altar of Yredelemnul.
You drop a flail of venom.
Drop what? 40/52 slots (_ for help) (? for menu, Esc to quit)
You drop a +0 robe.
You drop a +0 ring mail.
You drop an uncursed amulet of magic regeneration {@e1}.
You drop a runed spear.
You drop a glowing whip.
You drop a falchion of holy wrath.
You drop a +0 scale mail.
You drop a wand of random effects (24).
You drop an uncursed shortbow of freezing.
A troll comes into view.
The troll shouts!
You aren't carrying any items that you can evoke.
Okay, then.
Dowan, Brother of Duvessa comes into view.
He is wielding a dagger.
Dowan shouts!
You hit the troll but do no damage. You barely miss the troll.
The troll barely misses you. The troll claws you.
The troll claws you but does no damage.
You take 1 damage, and have 78/79 hp.
You closely miss the troll. You headbutt the troll.
Your punch misses the troll. The troll bites you!
The troll claws you but does no damage. The troll closely misses you.
You take 10 damage, and have 68/79 hp.
You punch the troll! The troll bites you but does no damage.
The troll closely misses you. The troll claws you.
You take 3 damage, and have 65/79 hp.
You barely miss the troll.
Dowan begins to cast a spell, but is stunned by your will!
The troll barely misses you. The troll claws you but does no damage.
The troll claws you!
You take 9 damage, and have 56/79 hp.
You hit the troll.
The troll is stunned by your will and fails to attack.
You punch the troll!
Dowan begins to cast a spell, but is stunned by your will!
The troll closely misses you. The troll claws you! The troll misses you.
You take 10 damage, and have 46/79 hp.
You hit the troll. Your headbutt misses the troll. The troll bites you.
The troll claws you. x2
You take 14 damage, and have 32/79 hp.
You closely miss the troll. You barely miss the troll.
Dowan hits you but does no damage. The troll closely misses you.
You furiously retaliate!
You headbutt the troll! The troll barely misses you.
The troll claws you but does no damage.
You hit the troll.
Dowan smirks and points a slender finger.
Dowan barely misses you. The troll bites you! The troll closely misses you.
The troll claws you but does no damage.
You take 8 damage, and have 24/79 hp.
You hit the troll but do no damage. Dowan hits you but does no damage.
The troll closely misses you.
The troll claws you but does no damage. x2
You barely miss the troll. You headbutt the troll!
Dowan hits you with a dagger.
* * * LOW HITPOINT WARNING * * *
The troll bites you!
* * * LOW HITPOINT WARNING * * *
The troll claws you!
* * * LOW HITPOINT WARNING * * *
The troll closely misses you.
You take 23 damage, and have 1/79 hp.
MASSIVE DAMAGE!!
You punch the troll!
You kill the troll!
The troll leather armour is intact enough to wear.
Dowan closely misses you. You furiously retaliate!
You headbutt Dowan, but do no damage. Dowan casts a spell at you.
The puff of flame hits you!
You die...

... #...........### # ...#
#.#######...## ## e.. #.#
###..###. .. #.#
###...##.. #.## #.#
###.....#... #..#
#.####........... #.######
#.##.............
#......###........####....
#....[.e.@....##.## ##...
#.(........####...# ###.
#........#.# #..### ##
##........#.# #### #
#........##.# #
#........##.#
##._.....##.# #......## .#
#......#


You could see Dowan.

Vanquished Creatures
  A troll (D:7)
  A hippogriff (D:7)
  An orc warrior (D:7)
  3 phantoms
  A sky beast (D:6)
  2 ogres
  2 centaurs (D:6)
  2 water moccasin zombies (Ossuary)
  4 scorpions
  A howler monkey (D:5)
  A crimson imp (D:7)
  2 jellies
  A hound (D:4)
  3 orc priests
  5 orc wizards
  3 iguanas
  4 worker ants
  3 big kobold zombies (Ossuary)
  A hound skeleton (D:4)
  3 mummies
  A worker ant zombie (D:6)
  11 adders
  2 oozes
  An adder skeleton (D:5)
  3 adder zombies (Ossuary)
  4 dart slugs
  4 leopard geckos
  21 orcs
  10 giant cockroaches
  5 goblins
  7 hobgoblins
  8 jackals
  3 kobolds
  3 quokkas
  2 ball pythons
  6 bats
  3 frilled lizards
  2 gnoll zombies (Ossuary)
  8 hobgoblin zombies
  3 kobold zombies (Ossuary)
  A leopard gecko skeleton (D:4)
  A leopard gecko zombie (D:6)
  6 orc zombies
  A quokka skeleton (D:5)
  A quokka zombie (D:7)
  4 rats
165 creatures vanquished.

Notes
Turn   | Place    | Note
-------+----------+-------------------------------------------
     0 | D:1      | Firecrotchwizard the Minotaur Monk began the quest for the Orb.
     0 | D:1      | Reached XP level 1. HP: 19/19 MP: 0/0
   101 | D:1      | Reached XP level 2. HP: 20/27 MP: 1/1
   447 | D:1      | Reached skill level 1 in Armour
  1019 | D:2      | Reached skill level 4 in Fighting
  1019 | D:2      | Reached XP level 3. HP: 22/33 MP: 2/2
  1310 | D:2      | Reached skill level 4 in Unarmed Combat
  2227 | D:2      | Reached skill level 2 in Armour
  2227 | D:2      | Reached XP level 4. HP: 35/40 MP: 3/3
  2279 | D:3      | Reached skill level 4 in Dodging
  2307 | D:3      | Reached XP level 5. HP: 39/47 MP: 4/4
  2521 | D:3      | Noticed Sigmund
  3026 | D:3      | Noticed Firecrotchwizard's ghost (amateur MfGl)
  3078 | D:3      | HP: 10/47 [Firecrotchwizard's ghost (11)]
  3538 | D:3      | Reached skill level 5 in Unarmed Combat
  3782 | D:3      | Found a sparkling altar of Nemelex Xobeh.
  3802 | D:4      | Noticed a phantom
  3972 | D:4      | Reached XP level 6. HP: 44/55 MP: 5/5
  4145 | D:4      | Reached skill level 5 in Fighting
  4145 | D:4      | Reached skill level 3 in Armour
  4412 | D:4      | Found a sand-covered staircase.
  4478 | Ossuary  | Entered an ossuary
  4682 | Ossuary  | Reached skill level 6 in Unarmed Combat
  4701 | Ossuary  | Reached XP level 7. HP: 51/61 MP: 6/6
  4741 | Ossuary  | Reached skill level 5 in Dodging
  5143 | D:4      | Reached skill level 4 in Armour
  5282 | D:4      | Found a stormy altar of Qazlal.
  5686 | D:5      | Entered Level 5 of the Dungeon
  5699 | D:5      | Reached skill level 7 in Unarmed Combat
  5707 | D:5      | Reached skill level 6 in Fighting
  5810 | D:5      | Found a staircase to the Ecumenical Temple.
  5821 | Temple   | Entered the Ecumenical Temple
  5945 | Temple   | Became a worshipper of Ru the Awakened
  5956 | D:5      | Gained mutation: You cannot study or cast Ice magic. [Ru sacrifice]
  5956 | D:5      | Gained mutation: You cannot study or cast Necromancy magic. [Ru sacrifice]
  5956 | D:5      | Gained mutation: You cannot study or cast Translocations magic. [Ru sacrifice]
  5956 | D:5      | Reached * piety under Ru
  6416 | D:6      | Reached XP level 8. HP: 70/70 MP: 7/7
  6455 | D:6      | Found Ipratt's Gadget Shoppe.
  6713 | D:6      | Reached skill level 5 in Armour
  6764 | D:6      | Reached skill level 6 in Dodging
  6764 | D:6      | Reached skill level 8 in Unarmed Combat
  7457 | D:7      | Noticed a hippogriff
  7466 | D:7      | Killed a hippogriff
  7466 | D:7      | Reached skill level 7 in Fighting
  7491 | D:7      | Reached skill level 6 in Armour
  7499 | D:7      | Reached XP level 9. HP: 66/79 MP: 8/8
  7505 | D:7      | Reached skill level 9 in Unarmed Combat
  7803 | D:7      | Found a basalt altar of Yredelemnul.
  7828 | D:7      | Noticed a troll
  7833 | D:7      | Noticed Dowan
  7850 | D:7      | HP: 10/79 [troll (13)]
  7850 | D:7      | HP: 1/79 [troll (9)]
  7851 | D:7      | Killed a troll
  7854 | D:7      | Killed from afar by Dowan

Vault maps used:
D:1:      lightli_arrival_noodles, minmay_misc_feat_enclosed
D:2:      first_ration, minmay_misc_feat_x, grunt_ministairs_4
D:3:      wad_lake_hut, nemelex_dance_club_becter, uniq_sigmund
D:4:      nicolae_qazlal_eye_of_the_storm, nicolae_ossuary_entry_giza,
          grunt_decor_fettered, kennysheep_another_room
D:5:      minmay_temple_entry_junction, grunt_decor_resistance
D:6:      serial_shops, shop_fountains
D:7:      overflow_temple_1_default, marbit_many_paths,
          nicolae_gozag_cash_rules_everything_around_me, uniq_duvessa
Temple:   dshaligram_water_room_temple
Ossuary:  ossuary_tomb_2

Skill      XL: |  1  2  3  4  5  6  7  8  9 |
---------------+----------------------------+-----
Armour         | 1 2 3 4 6 |  6.4
Fighting       | 4 5 6 7 |  7.6
Unarmed Combat | 4 5 6 7 8 9 |  9.3
Dodging        | 4 5 6 |  6.8
Stealth        | |  1.5

Action                   |  1- 3 |  4- 6 |  7- 9 || total
-------------------------+-------+-------+-------++-------
Melee: Unarmed           |    74 |   213 |   258 ||   545
       Headbutt          |     8 |    33 |    50 ||    91
       Punch             |       |     2 |    10 ||    12
Invok: Sacrifice Arcana  |       |       |     1 ||     1
  Use: Scroll            |       |     3 |     6 ||     9
 Stab: Sleeping          |     1 |       |       ||     1
  Eat: Chunk             |     4 |     4 |     4 ||    12
       Ration            |       |     1 |     2 ||     3
Armor: Robe              |     8 |       |       ||     8
       Ring mail         |    11 |    57 |    15 ||    83
       Scale mail        |       |       |    54 ||    54
       Chain mail        |       |       |    10 ||    10
Dodge: Dodged            |    47 |   140 |   138 ||   325

Table legend:
 A = Spawn XP
 B = Non-spawn XP
 C = Spawn XP percentage of total XP
 D = Spawn monster count
 E = Non-spawn monster count
 F = Spawn count percentage of total count
 G = Total turns spent on level
                    A         B        C        D         E        F      G
               +---------+---------+-------+---------+---------+-------+---------
         Total |       0 |    3428 |   0.0 |       0 |     165 |   0.0 |  7854
               +---------+---------+-------+---------+---------+-------+---------
           D:1 |       0 |      35 |   0.0 |       0 |      19 |   0.0 |   943
           D:2 |       0 |      97 |   0.0 |       0 |      12 |   0.0 |  1634
           D:3 |       0 |     193 |   0.0 |       0 |      33 |   0.0 |  1369
           D:4 |       0 |     506 |   0.0 |       0 |      28 |   0.0 |  1227
           D:5 |       0 |     182 |   0.0 |       0 |       9 |   0.0 |   535
           D:6 |       0 |     770 |   0.0 |       0 |      17 |   0.0 |   923
           D:7 |       0 |    1342 |   0.0 |       0 |      20 |   0.0 |   576
       Ossuary |       0 |     303 |   0.0 |       0 |      27 |   0.0 |   513
               +---------+---------+-------+---------+---------+-------+---------

Vault maps used:
D:1:      lightli_arrival_noodles, minmay_misc_feat_enclosed
D:2:      first_ration, minmay_misc_feat_x, grunt_ministairs_4
D:3:      wad_lake_hut, nemelex_dance_club_becter, uniq_sigmund
D:4:      nicolae_qazlal_eye_of_the_storm, nicolae_ossuary_entry_giza,
          grunt_decor_fettered, kennysheep_another_room
D:5:      minmay_temple_entry_junction, grunt_decor_resistance
D:6:      serial_shops, shop_fountains
D:7:      overflow_temple_1_default, marbit_many_paths,
          nicolae_gozag_cash_rules_everything_around_me, uniq_duvessa
Temple:   dshaligram_water_room_temple
Ossuary:  ossuary_tomb_2

Table legend:
 A = Turns spent in this place as a percentage of turns spent in the entire game.
 B = Non-inter-level travel turns spent in this place as a percentage of non-inter-level travel turns spent in the entire game.
 C = Inter-level travel turns spent in this place as a percentage of turns spent in this place.
 D = Turns resting spent in this place as a percentage of non-inter-level travel turns spent in this place.
 E = Turns spent auto-exploring this place as a percentage of non-inter-level travel turns spent in this place.
 F = Non-inter-level travel turns spent in this place divided by the number of levels of this place that you've seen.
                   A       B       C       D       E      F
               +-------+-------+-------+-------+-------+----------------------
         Total | 100.0 | 100.0 |   5.1 |  30.6 |  51.8 | 828.1
       Dungeon |  91.8 |  91.4 |   5.5 |  28.8 |  54.3 | 973.4
        Temple |   1.7 |   1.7 |   6.0 |   0.0 |  86.5 | 126.0
       Ossuary |   6.5 |   6.9 |   0.0 |  62.0 |   9.0 | 513.0
               +-------+-------+-------+-------+-------+----------------------

Table legend:
 A = Kills in this place as a percentage of kills in entire the game.
 B = Kills by you in this place as a percentage of kills by you in the entire game.
 C = Kills by friends in this place as a percentage of kills by friends in the entire game.
 D = Other kills in this place as a percentage of other kills in the entire game.
 E = Experience gained in this place as a percentage of experience gained in the entire game.
 F = Experience gained in this place divided by the number of levels of this place that you have seen.
                   A       B       C       D       E      F
               +-------+-------+-------+-------+-------+----------------------
         Total | 100.0 | 100.0 |   N/A |   N/A | 100.0 | 380.9
       Dungeon |  83.6 |  83.6 |   N/A |   N/A |  91.2 | 446.4
       Ossuary |  16.4 |  16.4 |   N/A |   N/A |   8.8 | 303.0
               +-------+-------+-------+-------+-------+----------------------
